 Dungeon Crawl Stone Soup version 0.25-a0-443-gece2dee8bd (webtiles) character file.

Game seed: 7618762594787783764, levelgen mode: deterministic

2921 Archen the Cleaver (level 9, -19/121 HPs)
             Began as a Minotaur Berserker on Jan 30, 2020.
             Was an Elder of Trog.
             Demolished by a white ugly thing (33 damage)
             ... on level 7 of the Dungeon.
             The game lasted 00:10:53 (4814 turns).

Archen the Cleaver (Minotaur Berserker)             Turns: 4814, Time: 00:10:53

Health: -19/121    AC: 17    Str: 30    XL:     9   Next: 50%
Magic:  8/8        EV: 16    Int:  4    God:    Trog [****..]
Gold:   429        SH:  0    Dex: 10    Spells: 8/8 levels left

rFire    . . .     SeeInvis +   J - +3 battleaxe
rCold    . . .     Gourm    .   (shield currently unavailable)
rNeg     . . .     Faith    .   w - +2 plate armour
rPois    .         Spirit   .   (helmet restricted)
rElec    .         Reflect  .   (no cloak)
rCorr    .         Harm     .   m - +1 pair of gloves
MR       .....                  (no boots)
Stlth    ..........             s - amulet of rage
HPRegen  0.30/turn              I - +6 ring of evasion
MPRegen  0.11/turn              B - ring of see invisible

@: confused, berserking, very quick
A: retaliatory headbutt, horns 2
a: Berserk, Trog's Hand, Brothers in Arms, Renounce Religion, Evoke Berserk Rage


You were on level 7 of the Dungeon.
You worshipped Trog.
Trog was greatly pleased with you.
You were very hungry.

You visited 1 branch of the dungeon, and saw 7 of its levels.

You collected 429 gold pieces.

Inventory:

Hand Weapons
 a - a +0 hand axe
 J - a +3 battleaxe (weapon)
Armour
 m - a +1 pair of gloves (worn)
 w - a +2 plate armour (worn)
Jewellery
 n - an uncursed ring of positive energy
 s - an amulet of rage (around neck)
 t - an uncursed ring of positive energy
 v - a +3 ring of intelligence
 B - a ring of see invisible (right hand)
 G - a +1 ring of protection {unknown}
 I - a +6 ring of evasion (left hand)
 K - a +2 ring of dexterity
Wands
 b - a wand of clouds (5)
 e - a wand of polymorph (6)
 r - a wand of digging (2)
 y - a wand of enslavement (20)
 A - a wand of acid (8)
 H - a wand of paralysis (8)
Scrolls
 d - 3 scrolls of remove curse
 i - 3 scrolls of enchant weapon
 k - 2 scrolls of magic mapping
 p - 4 scrolls of identify
 x - a scroll of amnesia {unknown}
 C - a scroll of blinking {unknown}
 D - a scroll of fear {unknown}
 F - a scroll of random uselessness {unknown}
Potions
 f - 6 potions of curing {unknown}
 g - a potion of might {unknown}
 h - a potion of resistance {unknown}
 j - a potion of flight {unknown}
 o - a potion of agility {unknown}
 q - 2 potions of degeneration {unknown}
 u - a potion of heal wounds {unknown}
 z - a potion of brilliance {unknown}
 E - a potion of ambrosia {unknown}
 L - a potion of lignification {unknown}
Comestibles
 c - 8 rations
 l - 10 chunks of flesh


   Skills:
 + Level 7.9 Fighting
 * Level 10.6 Axes
 + Level 7.4 Armour
 + Level 6.8 Dodging


You had 8 spell levels left.
You didn't know any spells.
Your spell library was empty.

Dungeon Overview and Level Annotations

Branches:
Dungeon (7/15)             Temple (0/1) D:5

Altars:
Fedhas
Gozag
Trog
Yredelemnul
Beogh

Annotations:
D:7 3 runed translucent doors, Thargor's ghost, novice GnFE


Innate Abilities, Weirdness & Mutations

You reflexively headbutt those who attack you in melee.
You have a pair of horns on your head.


Message History

You hit the iguana. The white ugly thing stings you!
The white ugly thing freezes you!!
* * * LOW HITPOINT WARNING * * *
The ogre mage hits you.
* * * LOW HITPOINT WARNING * * *
Your plate armour prevents you from hitting the ogre mage.
You closely miss the manticore. You slash the white ugly thing!
The white ugly thing closely misses you.
The ogre mage casts a spell at you.
You are confused.
You slash the quokka skeleton!
You destroy the quokka skeleton!
Trog accepts your kill.
You closely miss the manticore. You closely miss the ogre mage.
You closely miss the white ugly thing. The manticore barely misses you. x2
The manticore claws you but does no damage.
The white ugly thing stings you.
* * * LOW HITPOINT WARNING * * *
The white ugly thing freezes you!!
You die...

....................####.######..
...............................>.
###################.##.#.######..
........'.........#.##...........
........#...(.....#.####.######..
........#)).......#..............
.......8#.).......#.####.#####...
##'##############'#.##...........
...# ....(lO@.#.##.#.######..
..[# ......H)u#.##....(..#<..
.([# ......Z..# #...###.#... ...#
.........#. #.....# #... ####
.........#.##....##.#.#.
.........#..#.......#.#.
.........#..#...#####.#.
.........#............#.
#.#....#######.


You could see a white ugly thing, an ogre mage, a manticore, an iguana and a
hound zombie.

Vanquished Creatures
  A two-headed ogre (D:7)
  Sigmund (D:2)
  Duvessa (D:7)
  An orc warrior (D:7)
  2 ice beasts
  A sky beast (D:5)
  2 centaurs
  An ogre (D:7)
  2 bullfrogs
  Dowan (D:7)
  A scorpion (D:4)
  4 wights (D:7)
  3 crimson imps (D:6)
  A quasit (D:5)
  A bullfrog zombie (D:7)
  A centaur zombie (D:6)
  A jelly (D:5)
  2 bullfrog skeletons
  6 orc priests
  A hound (D:6)
  3 orc wizards
  6 worker ants
  A hound skeleton (D:6)
  Robin (D:2)
  8 gnolls
  2 howler monkey skeletons
  6 adders
  3 oozes
  2 worms (D:2)
  2 dart slugs (D:2)
  6 leopard geckos
  22 orcs
  2 ball pythons
  7 bats
  4 giant cockroaches
  13 goblins
  9 hobgoblins
  6 jackals
  A quokka (D:5)
  11 frilled lizards
  2 kobolds
  2 quokka skeletons
  A quokka zombie (D:5)
  9 rats
163 creatures vanquished.

Notes
Turn   | Place    | Note
-------+----------+-------------------------------------------
     0 | D:1      | Archen the Minotaur Berserker began the quest for the Orb.
     0 | D:1      | Reached XP level 1. HP: 19/19 MP: 0/0
   103 | D:1      | Reached XP level 2. HP: 27/27 MP: 1/1
   135 | D:1      | Reached skill level 4 in Axes
   391 | D:1      | Reached ** piety under Trog
   487 | D:2      | Reached XP level 3. HP: 24/33 MP: 2/2
   516 | D:2      | Found a blossoming altar of Fedhas.
   540 | D:2      | Noticed Sigmund
   556 | D:2      | Killed Sigmund
   556 | D:2      | Reached skill level 5 in Axes
   556 | D:2      | Reached XP level 4. HP: 24/41 MP: 3/3
   556 | D:2      | Reached XP level 5. HP: 27/47 MP: 4/4
  1001 | D:2      | Found a basalt altar of Yredelemnul.
  1513 | D:2      | Noticed Robin
  1520 | D:2      | Reached *** piety under Trog
  1528 | D:2      | Killed Robin
  1622 | D:3      | Reached XP level 6. HP: 50/55 MP: 5/5
  1634 | D:3      | Reached skill level 6 in Axes
  2195 | D:3      | Reached skill level 5 in Fighting
  2812 | D:4      | Reached **** piety under Trog
  2943 | D:5      | Entered Level 5 of the Dungeon
  2950 | D:5      | Reached XP level 7. HP: 61/61 MP: 6/6
  2996 | D:5      | Reached skill level 7 in Axes
  3132 | D:5      | Reached skill level 5 in Armour
  3218 | D:5      | Found an opulent altar of Gozag.
  3252 | D:5      | Found a staircase to the Ecumenical Temple.
  3643 | D:6      | Found a bloodstained altar of Trog.
  3656 | D:6      | Reached skill level 8 in Axes
  3656 | D:6      | Reached skill level 5 in Dodging
  3656 | D:6      | Reached XP level 8. HP: 48/70 MP: 7/7
  3804 | D:6      | HP: 3/71 [poisoned by an adder]
  3810 | D:6      | HP: 3/71 [poisoned by an adder]
  3818 | D:6      | HP: 2/71 [poisoned by an adder]
  4471 | D:7      | Reached skill level 9 in Axes
  4550 | D:7      | Noticed Dowan
  4551 | D:7      | Noticed Duvessa
  4562 | D:7      | Killed Duvessa
  4562 | D:7      | Killed Dowan
  4587 | D:7      | Found a runed translucent gate.
  4587 | D:7      | Noticed Thargor's ghost (novice GnFE)
  4589 | D:7      | Found a runed translucent gate.
  4589 | D:7      | Found a runed translucent gate.
  4589 | D:7      | Identified the +6 plate armour "Gyshro Lovve" {rElec}
  4591 | D:7      | Found a roughly hewn altar of Beogh.
  4717 | D:7      | Reached XP level 9. HP: 47/79 MP: 8/8
  4746 | D:7      | Reached skill level 10 in Axes
  4804 | D:7      | Noticed a two-headed ogre
  4804 | D:7      | Noticed an ogre mage
  4805 | D:7      | Noticed a white ugly thing
  4805 | D:7      | Noticed a manticore
  4812 | D:7      | Killed a two-headed ogre
  4814 | D:7      | Demolished by a white ugly thing

Levels and vault maps discovered:
D:1:      onia_arrival_mini_spirals, layout_basic, minmay_lizard_pond
D:2:      layout_basic, marbit_many_paths, nicolae_overflow_crystal_walls,
          uniq_sigmund, uniq_robin
D:3:      layout_basic, roderic_filled_cross, hex_large, amethyst_killhole
D:4:      layout_loops_cross, first_ration
D:5:      layout_loops_ring, grunt_gozag_breadcrumbs,
          minmay_temple_entry_junction
D:6:      layout_rooms, lemuel_crystal_altar
D:7:      minmay_klotski, layout_basic, kennysheep_vampire_church,
          biasface_ghost_orc_armoury, uniq_duvessa

Skill      XL: |  1  2  3  4  5  6  7  8  9 |
---------------+----------------------------+-----
Axes           | 4 5 6 8 9 10 | 10.6
Fighting       | 4 5 6 7 |  7.9
Armour         | 3 4 5 6 7 |  7.4
Dodging        | 3 4 5 6 |  6.8

Action                   |  1- 3 |  4- 6 |  7- 9 || total
-------------------------+-------+-------+-------++-------
Melee: Hand axe          |    64 |   162 |   191 ||   417
       Headbutt          |     8 |    25 |    48 ||    81
       Battleaxe         |       |       |    15 ||    15
Invok: Berserk           |       |     1 |     3 ||     4
  Use: Scroll            |       |     5 |     3 ||     8
  Eat: Chunk             |       |     7 |     8 ||    15
Armor: Chain mail        |    43 |    61 |       ||   104
       Plate armour      |       |    10 |   129 ||   139
Dodge: Dodged            |    31 |    71 |   113 ||   215

Table legend:
 A = Non-vault XP
 B = Vault XP
 C = Vault XP percentage of total XP
 D = Non-vault monster count
 E = Vault monster count
 F = Vault count percentage of total count
                 A         B        C        D         E       F
            +---------+---------+-------+---------+---------+-------
      Total |    2564 |    1609 |  38.6 |     134 |      29 |  17.8
            +---------+---------+-------+---------+---------+-------
        D:1 |      27 |       6 |  18.2 |      15 |       6 |  28.6
        D:2 |      72 |     263 |  78.5 |      23 |      13 |  36.1
        D:3 |     103 |       0 |   0.0 |      19 |       0 |   0.0
        D:4 |     261 |       0 |   0.0 |      26 |       0 |   0.0
        D:5 |     498 |       0 |   0.0 |      14 |       0 |   0.0
        D:6 |     882 |       0 |   0.0 |      25 |       0 |   0.0
        D:7 |     721 |    1340 |  65.0 |      12 |      10 |  45.5
            +---------+---------+-------+---------+---------+-------
